[ AOE2 MATCH · #506784732 ]
UnrankedTurks vs Tupi
Player's team · LOSS
Rival team · WIN
[ REPLAY ANALYSIS · EXTRACTED FROM THE RECORDED GAME ]
Feudal
12:28
Castle
17:33
Imperial
—
| APM avg | 69.5 |
| APM peak | 115 |
| eAPM avg | 23.3 |
| Villagers / military | 53 / 31 |
Focus
⚔️ 38.8% · 🌾 61.2%
Cavalry Archer ×14 · Archer ×10 · Militia ×4 · Monk ×2 · Scout Cavalry ×1
Feudal
9:41
Castle
18:01
Imperial
—
| APM avg | 58.1 |
| APM peak | 100 |
| eAPM avg | 30.0 |
| Villagers / military | 66 / 24 |
Focus
⚔️ 39.0% · 🌾 61.0%
Unknown (2550) ×86 · Scorpion ×10 · Skirmisher ×5 · Battering Ram ×5 · Archer ×4
Match map
Initial resources + every placement click. Lines = walls · curves = elevation contours. ◆ gold · ⬟ stone · ● berries · ✦ relic · ◌ wall gap
Your base· Open — 5t gap
Hoanginator's base· Open — 6t gap
Smoothed initial terrain · ◌ = detected wall gap · hover for details
Inputs per minute
— Bubbagump - - Hoanginator
Build order — Bubbagump
First 150 of 160 actions detected
| 0:00 | Create | Villager (Male) |
| 0:01 | Create | Villager (Male) |
| 0:01 | Create | Villager (Male) |
| 0:02 | Build | House |
| 0:03 | Build | House |
| 0:05 | Create | Villager (Male) |
| 1:23 | Create | Villager (Male) |
| 2:01 | Create | Villager (Male) |
| 2:23 | Create | Villager (Male) |
| 2:41 | Create | Villager (Male) |
| 2:47 | Build | Barracks |
| 3:08 | Create | Villager (Male) |
| 3:14 | Build | House |
| 3:33 | Create | Villager (Male) |
| 3:47 | Create | Militia |
| 4:00 | Build | House |
| 4:11 | Create | Villager (Male) |
| 4:18 | Create | Militia |
| 4:34 | Create | Villager (Male) |
| 4:54 | Create | Villager (Male) |
| 5:04 | Create | Villager (Male) |
| 5:38 | Build | Lumber Camp |
| 5:45 | Create | Villager (Male) |
| 6:07 | Create | Villager (Male) |
| 6:15 | Create | Villager (Male) |
| 6:34 | Create | Militia |
| 6:54 | Create | Villager (Male) |
| 6:55 | Create | Militia |
| 7:10 | Build | House |
| 7:16 | Create | Villager (Male) |
| 7:25 | Build | Mill |
| 7:39 | Create | Villager (Male) |
| 8:06 | Create | Villager (Male) |
| 8:15 | Build | Mining Camp |
| 8:31 | Create | Villager (Male) |
| 8:44 | Build | House |
| 8:52 | Build | Farm |
| 9:02 | Create | Villager (Male) |
| 9:12 | Build | Farm |
| 9:15 | Create | Villager (Male) |
| 9:16 | Research | Loom |
| 9:20 | Create | Villager (Male) |
| 9:21 | Research | Loom |
| 9:42 | Build | Palisade Wall |
| 10:05 | Research | Feudal Age |
| 10:10 | Build | Palisade Wall |
| 10:19 | Build | Palisade Wall |
| 10:22 | Build | House |
| 10:40 | Create | Villager (Male) |
| 10:44 | Build | Palisade Wall |
| 11:13 | Build | Palisade Wall |
| 12:28 | Age | Feudal Age |
| 12:29 | Build | Archery Range |
| 12:35 | Build | Blacksmith |
| 12:40 | Research | Double-Bit Axe |
| 12:42 | Create | Villager (Male) |
| 13:08 | Create | Archer |
| 13:09 | Create | Villager (Male) |
| 13:11 | Build | Farm |
| 13:35 | Build | Farm |
| 13:37 | Create | Villager (Male) |
| 13:42 | Create | Archer |
| 13:51 | Build | Farm |
| 14:04 | Build | Farm |
| 14:06 | Create | Villager (Male) |
| 14:33 | Build | Farm |
| 14:35 | Build | Farm |
| 14:39 | Create | Archer |
| 14:53 | Build | Lumber Camp |
| 14:53 | Research | Castle Age |
| 14:59 | Create | Archer |
| 15:13 | Create | Archer |
| 15:22 | Build | Farm |
| 15:54 | Research | Fletching |
| 16:00 | Build | House |
| 16:07 | Create | Archer |
| 16:15 | Build | House |
| 16:38 | Build | Archery Range |
| 16:41 | Create | Archer |
| 16:43 | Research | Gold Mining |
| 16:55 | Create | Archer |
| 17:08 | Create | Archer |
| 17:18 | Create | Archer |
| 17:25 | Build | Farm |
| 17:33 | Age | Castle Age |
| 17:34 | Create | Villager (Male) |
| 17:42 | Research | Crossbowman (upgrade) |
| 17:46 | Build | Stable |
| 17:52 | Build | Farm |
| 18:02 | Build | Farm |
| 18:03 | Build | Farm |
| 18:04 | Build | Farm |
| 18:10 | Create | Villager (Male) |
| 18:27 | Create | Villager (Male) |
| 18:31 | Create | Scout Cavalry |
| 18:39 | Build | Palisade Wall |
| 18:43 | Build | Farm |
| 18:44 | Create | Villager (Male) |
| 18:47 | Build | Farm |
| 18:58 | Build | Farm |
| 19:00 | Build | Farm |
| 19:05 | Create | Villager (Male) |
| 19:15 | Build | Farm |
| 19:16 | Build | Farm |
| 19:22 | Research | Horse Collar |
| 19:36 | Build | House |
| 19:39 | Create | Villager (Male) |
| 19:49 | Create | Villager (Male) |
| 20:03 | Create | Villager (Male) |
| 20:07 | Build | Farm |
| 20:09 | Build | Farm |
| 20:10 | Create | Cavalry Archer |
| 20:27 | Create | Villager (Male) |
| 20:38 | Create | Cavalry Archer |
| 20:42 | Build | Palisade Wall |
| 20:46 | Create | Cavalry Archer |
| 20:59 | Research | Bodkin Arrow |
| 21:05 | Build | Monastery |
| 21:09 | Build | Stone Wall |
| 21:09 | Create | Villager (Male) |
| 21:10 | Create | Cavalry Archer |
| 21:20 | Build | Stone Wall |
| 21:25 | Create | Cavalry Archer |
| 21:29 | Create | Villager (Male) |
| 21:30 | Create | Cavalry Archer |
| 21:31 | Create | Villager (Male) |
| 21:33 | Create | Villager (Male) |
| 21:42 | Create | Monk |
| 21:45 | Build | House |
| 21:51 | Build | House |
| 21:53 | Build | House |
| 22:05 | Create | Villager (Male) |
| 22:07 | Build | Stone Wall |
| 22:07 | Create | Villager (Male) |
| 22:16 | Build | House |
| 22:20 | Create | Villager (Male) |
| 23:00 | Create | Villager (Male) |
| 23:08 | Build | Stone Wall |
| 23:09 | Create | Villager (Male) |
| 23:13 | Create | Cavalry Archer |
| 23:14 | Create | Cavalry Archer |
| 23:19 | Build | Stone Wall |
| 23:35 | Build | Stone Wall |
| 23:37 | Build | House |
| 24:03 | Build | Stone Wall |
| 24:07 | Create | Cavalry Archer |
| 24:31 | Create | Cavalry Archer |
| 24:33 | Create | Monk |
| 24:45 | Build | Stone Wall |
| 24:47 | Build | Stone Wall |
Build order — Hoanginator
First 150 of 226 actions detected
| 0:01 | Create | Villager (Male) |
| 0:02 | Build | House |
| 0:03 | Build | House |
| 0:09 | Create | Villager (Male) |
| 0:09 | Create | Villager (Male) |
| 0:37 | Create | Villager (Male) |
| 1:00 | Create | Villager (Male) |
| 1:00 | Create | Villager (Male) |
| 1:31 | Create | Villager (Male) |
| 1:31 | Create | Villager (Male) |
| 1:31 | Create | Villager (Male) |
| 1:49 | Create | Villager (Male) |
| 1:49 | Create | Villager (Male) |
| 2:23 | Create | Villager (Male) |
| 2:24 | Create | Villager (Male) |
| 2:24 | Create | Villager (Male) |
| 2:29 | Build | Settlement |
| 2:42 | Build | Settlement |
| 2:48 | Create | Villager (Male) |
| 2:48 | Create | Villager (Male) |
| 3:28 | Create | Villager (Male) |
| 3:28 | Create | Villager (Male) |
| 3:28 | Create | Villager (Male) |
| 3:28 | Create | Villager (Male) |
| 3:47 | Create | Villager (Male) |
| 3:47 | Create | Villager (Male) |
| 3:47 | Create | Villager (Male) |
| 4:11 | Create | Villager (Male) |
| 4:11 | Create | Villager (Male) |
| 4:11 | Create | Villager (Male) |
| 4:50 | Build | Outpost |
| 4:52 | Build | Outpost |
| 4:55 | Create | Villager (Male) |
| 4:55 | Create | Villager (Male) |
| 4:55 | Create | Villager (Male) |
| 5:11 | Create | Villager (Male) |
| 5:11 | Create | Villager (Male) |
| 5:11 | Create | Villager (Male) |
| 5:44 | Create | Villager (Male) |
| 5:44 | Create | Villager (Male) |
| 5:44 | Create | Villager (Male) |
| 5:50 | Build | House |
| 6:01 | Build | Settlement |
| 6:06 | Build | Palisade Wall |
| 6:23 | Create | Villager (Male) |
| 6:23 | Create | Villager (Male) |
| 6:29 | Create | Villager (Male) |
| 6:30 | Create | Villager (Male) |
| 6:30 | Create | Villager (Male) |
| 6:51 | Create | Villager (Male) |
| 6:51 | Create | Villager (Male) |
| 6:51 | Create | Villager (Male) |
| 6:58 | Create | Villager (Male) |
| 6:58 | Create | Villager (Male) |
| 6:58 | Create | Villager (Male) |
| 7:02 | Create | Villager (Male) |
| 7:09 | Build | Barracks |
| 7:28 | Research | Feudal Age |
| 8:29 | Build | Palisade Wall |
| 8:32 | Build | Palisade Wall |
| 8:33 | Build | Palisade Wall |
| 8:46 | Create | Villager (Male) |
| 8:58 | Build | Farm |
| 8:59 | Build | Farm |
| 9:03 | Build | Farm |
| 9:27 | Build | House |
| 9:30 | Build | Palisade Wall |
| 9:41 | Age | Feudal Age |
| 9:46 | Build | Archery Range |
| 9:51 | Build | Archery Range |
| 9:53 | Create | Villager (Male) |
| 10:01 | Research | Double-Bit Axe |
| 10:12 | Create | Villager (Male) |
| 10:15 | Build | Farm |
| 10:15 | Create | Villager (Male) |
| 10:30 | Build | Palisade Wall |
| 10:32 | Create | Villager (Male) |
| 10:34 | Create | Archer |
| 10:52 | Create | Villager (Male) |
| 10:56 | Create | Archer |
| 11:07 | Build | Palisade Wall |
| 11:12 | Create | Archer |
| 11:13 | Create | Villager (Male) |
| 11:31 | Build | Blacksmith |
| 11:32 | Create | Villager (Male) |
| 11:47 | Build | Farm |
| 12:10 | Build | House |
| 12:13 | Build | House |
| 12:14 | Build | House |
| 12:15 | Build | Palisade Wall |
| 12:16 | Research | Fletching |
| 12:21 | Build | Farm |
| 12:28 | Build | Farm |
| 12:34 | Create | Villager (Male) |
| 12:42 | Build | Farm |
| 12:49 | Create | Archer |
| 12:54 | Create | Villager (Male) |
| 13:09 | Build | Farm |
| 13:27 | Build | Farm |
| 13:29 | Create | Villager (Male) |
| 13:38 | Research | Loom |
| 13:48 | Build | House |
| 14:05 | Build | Market |
| 14:35 | Create | Villager (Male) |
| 14:43 | Create | Skirmisher |
| 14:47 | Create | Skirmisher |
| 15:21 | Research | Castle Age |
| 15:21 | Research | Castle Age |
| 15:47 | Create | Skirmisher |
| 15:47 | Create | Skirmisher |
| 16:28 | Create | Skirmisher |
| 16:35 | Build | Barracks |
| 16:42 | Research | Tech 1402 |
| 16:43 | Research | Scale Mail Armor |
| 16:43 | Research | Scale Mail Armor |
| 16:49 | Research | Horse Collar |
| 16:49 | Research | Horse Collar |
| 16:52 | Research | Gold Mining |
| 17:25 | Create | Unit 2550 |
| 17:25 | Create | Unit 2550 |
| 17:32 | Build | Farm |
| 17:34 | Build | House |
| 17:42 | Build | Farm |
| 17:50 | Create | Unit 2550 |
| 17:50 | Create | Unit 2550 |
| 17:50 | Create | Unit 2550 |
| 17:51 | Create | Unit 2550 |
| 17:58 | Build | Farm |
| 17:58 | Build | Farm |
| 18:01 | Age | Castle Age |
| 18:12 | Research | Tech 1351 |
| 18:12 | Research | Tech 1351 |
| 18:14 | Research | Squires |
| 18:14 | Research | Squires |
| 18:30 | Research | Chain Mail Armor |
| 18:30 | Research | Chain Mail Armor |
| 18:42 | Build | Siege Workshop |
| 18:54 | Create | Villager (Male) |
| 18:59 | Build | Farm |
| 19:06 | Create | Unit 2550 |
| 19:06 | Create | Unit 2550 |
| 19:06 | Create | Unit 2550 |
| 19:09 | Build | House |
| 19:22 | Build | Farm |
| 19:27 | Create | Unit 2550 |
| 19:28 | Create | Unit 2550 |
| 19:29 | Create | Unit 2550 |
| 19:30 | Create | Unit 2550 |
| 19:30 | Create | Unit 2550 |
| 19:40 | Create | Villager (Male) |
Match timeline
| 2:47 | Bubbagump · first_building Barracks |
| 6:06 | Hoanginator · wall_segment Palisade Wall x1 |
| 7:09 | Hoanginator · first_building Barracks |
| 8:29 | Hoanginator · wall_segment Palisade Wall x1 |
| 8:32 | Hoanginator · wall_segment Palisade Wall x1 |
| 8:33 | Hoanginator · wall_segment Palisade Wall x1 |
| 9:30 | Hoanginator · wall_segment Palisade Wall x5 |
| 9:41 | Hoanginator · age_up feudal |
| 9:42 | Bubbagump · wall_segment Palisade Wall x5 |
| 9:46 | Hoanginator · first_building Archery Range |
| 10:10 | Bubbagump · wall_segment Palisade Wall x3 |
| 10:19 | Bubbagump · wall_segment Palisade Wall x1 |
| 10:30 | Hoanginator · wall_segment Palisade Wall x1 |
| 10:44 | Bubbagump · wall_segment Palisade Wall x9 |
| 11:07 | Hoanginator · wall_segment Palisade Wall x3 |
| 11:13 | Bubbagump · wall_segment Palisade Wall x1 |
| 12:15 | Hoanginator · wall_segment Palisade Wall x1 |
| 12:28 | Bubbagump · age_up feudal |
| 12:29 | Bubbagump · first_building Archery Range |
| 15:14 | Hoanginator · first_market_buy 500 food |
| 15:15 | Hoanginator · first_market_sell 500 stone |
| 17:33 | Bubbagump · age_up castle |
| 17:46 | Bubbagump · first_building Stable |
| 18:01 | Hoanginator · age_up castle |
| 18:39 | Bubbagump · wall_segment Palisade Wall x1 |
| 18:42 | Hoanginator · first_building Siege Workshop |
| 20:42 | Bubbagump · wall_segment Palisade Wall x1 |
| 21:05 | Bubbagump · first_building Monastery |
| 21:09 | Bubbagump · wall_segment Stone Wall x5 |
| 21:20 | Bubbagump · wall_segment Stone Wall x4 |
| 22:07 | Bubbagump · wall_segment Stone Wall x1 |
| 23:08 | Bubbagump · wall_segment Stone Wall x1 |
| 23:19 | Bubbagump · wall_segment Stone Wall x2 |
| 23:35 | Bubbagump · wall_segment Stone Wall x1 |
| 24:03 | Bubbagump · wall_segment Stone Wall x4 |
| 24:45 | Bubbagump · wall_segment Stone Wall x2 |
| 24:47 | Bubbagump · wall_segment Stone Wall x1 |
| 24:51 | Bubbagump · wall_segment Stone Wall x1 |
| 25:59 | Bubbagump · resign |
[ AI ANALYSIS · 1 CREDIT ]
What really happened in this match?
Wolo.gg analyzes every decision: build order, eco, micro, common mistakes by bracket. Personalized analysis on WhatsApp or Discord in 30 seconds.
Civ guide
Turks
Perfil
Jugador #412636